 Dungeon Crawl Stone Soup version 0.28-a0-1435-g82390b3a13 (webtiles) character file.

Game seed: 4773854726317281674

48 Lekart the Skirmisher (level 3, 0/33 HPs)
             Began as a Draconian Fighter on Jan 9, 2022.
             Succumbed to an adder's poison
             ... on level 2 of the Dungeon.
             The game lasted 00:01:49 (1247 turns).

Lekart the Skirmisher (Draconian Fighter)           Turns: 1247, Time: 00:01:49

Health: 0/33       AC:  5    Str: 18    XL:     3   Next: 50%
Magic:  3/3        EV: 12    Int:  8    God:
Gold:   52         SH:  4    Dex: 12    Spells: 2/2 levels left

rFire   . . .      SeeInvis .   a - +0 long sword
rCold   . . .      Faith    .   b - +0 buckler
rNeg    . . .      Spirit   .   (armour unavailable)
rPois   .          Reflect  .   (helmet restricted)
rElec   .          Harm     .   (no cloak)
rCorr   .          Rampage  .   (no gloves)
Will    .....                   (no boots)
Stlth   +.........              (no amulet)
HPRegen 0.11/turn               (no ring)
MPRegen 0.08/turn               (no ring)

@: lethally poisoned (0 -> -3), attractive
A: AC +5, unfitting armour, cold-blooded
a: no special abilities


You were on level 2 of the Dungeon.
You visited 1 branch of the dungeon, and saw 2 of its levels.

You collected 52 gold pieces.

Inventory:

Hand Weapons
 a - a +0 long sword (weapon)
Missiles
 e - 2 javelins (quivered)
Armour
 b - a +0 buckler (worn)
Jewellery
 f - a ring of see invisible
Scrolls
 d - a scroll of identify {unknown}
Potions
 c - a potion of might


   Skills:
 * Level 3.9 Fighting
 + Level 2.3 Long Blades
 + Level 0.6 Throwing
 + Level 3.1 Dodging
 + Level 3.2 Shields


You had 2 spell levels left.
You didn't know any spells.
Your spell library was empty.

Dungeon Overview and Level Annotations

Branches:
Dungeon (2/15)

Altars:

Shops:
D:1 (=[


Innate Abilities, Weirdness & Mutations

Your plain brown scales are hard. (AC +5)
You cannot fit into any form of body armour.
You are cold-blooded and may be slowed by cold attacks.


Message History

You feel sick.
You are no longer poisoned.
The adder closely misses you.
Throw: 3 javelins
Press: ? - help, Q - select action Shift-Dir - straight line, f/p - adder
Aim: an adder (38% to hit)
You throw a javelin. The javelin closely misses the adder.
The adder barely misses you. The adder bites you but does no damage.
You hit the adder but do no damage.
Your tail-slap misses the adder.
The adder bites you but does no damage. The adder bites you.
* * * LOW HITPOINT WARNING * * *
You miss the adder. You tail-slap the adder.
The adder is heavily wounded.
The adder bites you.
* * * LOW HITPOINT WARNING * * *
You barely miss the adder.
The adder is heavily wounded.
The adder closely misses you. x2
You barely miss the adder.
Your tail-slap misses the adder.
The adder is moderately wounded.
The adder bites you but does no damage. x2
Unknown command.
You slash the adder!
You kill the adder!
The adder closely misses you.
You completely miss the adder. The adder closely misses you.
You barely miss the adder. The adder bites you.
* * * LOW HITPOINT WARNING * * *
You are lethally poisoned!
The adder poisons you! You block the adder's attack.
You closely miss the adder.
* * * LOW HITPOINT WARNING * * *
You feel sick. The adder completely misses you. The adder closely misses you.
You closely miss the adder.
* * * LOW HITPOINT WARNING * * *
You feel sick. The adder closely misses you. The adder bites you.
* * * LOW HITPOINT WARNING * * *
It was a potion of attraction.
You feel attractive to monsters.
You die...

#......#.........#.#######
#......#.###...........#
#(.....#.#....<......#.#
##......#.#.#......†..#
[................>..#.#.#
#.................#
##.#.###.......#...#
####....##.####...###.#
#....(..†..S@.........#
#####.......#######...#####
.......).........†....#
.####.....#########...#
#.....# #....... #.....#
###.##.. #####.# #.# .. #.#
... . #.# ...#


You could see an adder.

Vanquished Creatures
  2 adders (D:2)
  A worm (D:2)
  A dart slug (D:1)
  An endoplasm (D:2)
  A goblin (D:1)
  A hobgoblin (D:1)
  5 kobolds
  A quokka (D:2)
  A ball python (D:1)
  2 bats (D:1)
  8 frilled lizards
  4 rats
28 creatures vanquished.

Notes
Turn   | Place    | Note
-------+----------+-------------------------------------------
     0 | D:1      | Lekart the Draconian Fighter began the quest for the Orb.
     0 | D:1      | Reached XP level 1. HP: 19/19 MP: 1/1
   125 | D:1      | Found Hocwiuna's Weapon Shoppe.
   177 | D:1      | Found Faggar Toda's Jewellery Shoppe.
   339 | D:1      | Reached XP level 2. HP: 26/26 MP: 2/2
   420 | D:1      | Found Dehireits's Armour Shoppe.
  1077 | D:2      | Reached XP level 3. HP: 33/33 MP: 3/3
  1246 | D:2      | HP: 1/33 [adder (2)]
  1247 | D:2      | Succumbed to an adder's poison

Illustrated notes

Levels and vault maps discovered:
D:1:      dpeg_arrival_chambers_temple_mockup, layout_basic, serial_shops, shop,
          shop, shop, grunt_decor_junction, chequers_avenue,
          amcnicky_mini_rare_corridor_liquid, columned_hall_lemuel,
          minmay_lizard_king
D:2:      layout_basic

Skill      XL: |  1  2 |
---------------+-------+-----
Dodging        | 3 |  3.1
Fighting       | |  3.9
Long Blades    | |  2.3
Throwing       | |  0.6
Shields        | |  3.2

Action                   || total
-------------------------++-------
Melee: Long sword        ||    57
       Tailslap          ||     6
Throw: Javelin           ||    27
  Use: Potion            ||     1
Armor: Skin              ||    16
Dodge: Dodged            ||    49
Block: Buckler           ||     9

Table legend: (Time is in decaauts)
 A = Elapsed time spent in this place.
 B = Non-inter-level travel time spent in this place.
 C = Inter-level travel time spent in this place.
 D = Time resting spent in this place.
 E = Time spent auto-exploring this place.
 F = Levels seen in this place.
 G = Mean time per level.
                   A        B        C        D        E       F      G
               +--------+--------+--------+--------+--------+-----+--------+
         Total |   1280 |   1227 |     53 |      0 |   1045 |   2 |  640.0 |
       Dungeon |   1280 |   1227 |     53 |      0 |   1045 |   2 |  640.0 |
               +--------+--------+--------+--------+--------+-----+--------+

Top non-repeatable levels by time:
     D:1: 1061 daAuts
     D:2: 218 daAuts
